 Dungeon Crawl Stone Soup version 0.18-a0-1197-g8004e50 (webtiles) character file.

1150 abixa the Slasher (level 8, -4/54 HPs)
             Began as a Halfling Gladiator on Jan 30, 2016.
             Slain by a seven-headed hydra (9 damage)
             ... on level 6 of the Dungeon.
             The game lasted 00:15:07 (6360 turns).

abixa the Slasher (Halfling Gladiator)              Turns: 6360, Time: 00:15:07

Health: -4/54      AC:  7    Str: 15    XL:     8   Next: 65%
Magic:  8/8        EV: 12    Int:  7    God:
Gold:   294        SH: 11    Dex: 17    Spells: 0 memorised, 7 levels left

rFire  . . .     SeeInvis .     y - +2 short sword (holy)
rCold  . . .     Gourm    .     s - +0 ring mail
rNeg   . . .     Faith    .     S - +2 shield
rPois  .         Spirit   .     c - +0 helmet
rElec  .         Dismiss  .     (no cloak)
rCorr  .         Reflect  .     (no gloves)
SustAt .         Harm     .     (no boots)
MR     .....                    (no amulet)
Stlth  ++........               (no ring)
                                g - ring of stealth

@: not resistant to hostile enchantments, unstealthy
A: mutation resistance 1
a: no special abilities


You were on level 6 of the Dungeon.
You were not hungry.

You visited 1 branch of the dungeon, and saw 6 of its levels.

You collected 294 gold pieces.

Inventory:

Hand Weapons
 a - a +0 long sword
 y - a +2 short sword of holy wrath (weapon)
 K - a +0 trident
 O - a +4 short sword
Missiles
 d - 3 throwing nets
 i - 17 bolts of frost
 k - 80 stones
 u - 83 bolts
 x - 3 needles of frenzy
 D - 99 arrows
 L - 4 tomahawks of returning (quivered)
 U - 8 bolts of flame
Armour
 b - a +0 scale mail
 c - a +0 helmet (worn)
 s - a +0 ring mail (worn)
 E - a +3 ring mail
 S - a +2 shield (worn)
Jewellery
 g - a ring of stealth (left hand)
 t - an uncursed ring of ice
 C - a cursed ring of loudness {unknown}
Wands
 P - a wand of digging (10/24)
 T - a wand of draining (2/15)
Scrolls
 j - 3 scrolls of recharging
 o - 2 scrolls of remove curse
 B - a scroll of immolation
 F - a scroll of enchant weapon
 G - 3 scrolls of teleportation
 J - a scroll of amnesia
Potions
 e - 6 potions of curing {unknown}
 h - 3 potions of might {unknown}
 m - 2 potions of beneficial mutation {unknown}
 q - a potion of resistance {unknown}
 r - 2 potions of heal wounds {unknown}
 v - 4 potions of cancellation {unknown}
 w - a potion of agility {unknown}
 H - 2 potions of haste {unknown}
 N - a potion of berserk rage {unknown}
 Q - a potion of flight {unknown}
 R - a potion of lignification {unknown}
Comestibles
 f - 3 bread rations
 l - 5 meat rations
 n - 2 beef jerkies
 p - 2 slices of pizza
 z - a royal jelly
 I - 3 fruits


   Skills:
 + Level 4.7 Fighting
 + Level 7.0 Long Blades
 - Level 2.1 Throwing
 + Level 5.2 Armour
 - Level 3.2 Dodging
 + Level 2.0 Shields


You had 7 spell levels left.
You didn't know any spells.

Dungeon Overview and Level Annotations

Branches:
Dungeon (6/15)
 Temple: D:4-7

Altars:
Fedhas

Annotations:
D:3 abixa's ghost, amateur HaGl


Innate Abilities, Weirdness & Mutations

You are small and have problems with some larger weapons.
You are somewhat resistant to further mutation.


Message History

The seven-headed hydra bites you!
* * * LOW HITPOINT WARNING * * *
Evoke which item? (* to show all) (? for menu, Esc to quit)
Zapping:
T - a wand of draining {zapped: 6} (will waste charges)
Press: ? - help, Shift-Dir - straight line, f/p - seven-headed hydra
Aim: a seven-headed hydra (moderately wounded, lightly drained)
The bolt of negative energy hits the seven-headed hydra.
The seven-headed hydra is drained!
The seven-headed hydra is heavily wounded.
Evoking this partially-identified wand wasted a few charges.
You hear the brisk hiss of a distant avalanche of sand.
The seven-headed hydra bites you but does no damage.
You block the seven-headed hydra's attack.
The seven-headed hydra bites you but does no damage.
The seven-headed hydra misses you.
The seven-headed hydra closely misses you.
The seven-headed hydra bites you.
* * * LOW HITPOINT WARNING * * *
The seven-headed hydra bites you!
You die...

.##...##.# .........#
#.......### .# #.........#
.# #.......#.# .#
##.....##.# #+# .# ##...#
#.# #... .#### #######D#
#.... ....#
###.#@####.....
..#.########.......#...$..
....<..............'l.....
..#.########.....#.#....
.##.# #...#.#)# ... ###.#
#.#...#.# .. #.# #...###§#
. #.# #..## #§# ..#
##...###§#


You could see a seven-headed hydra and a giant newt.

Vanquished Creatures
  A sky beast (D:5)
  An ogre (D:4)
  A centaur (D:5)
  Blork the orc (D:4)
  A giant frog (D:4)
  3 scorpions
  A hound (D:5)
  2 orc wizards (D:3)
  A giant frog skeleton (D:6)
  3 orc priests
  Natasha (thrice) (D:4)
  3 iguanas
  2 worker ants
  A hound skeleton (D:4)
  A worker ant zombie (D:6)
  A gnoll (D:1)
  6 adders
  3 oozes
  5 worms
  3 giant geckos
  19 orcs
  2 bats
  5 giant cockroaches
  7 goblins
  3 hobgoblins
  4 jackals (D:3)
  10 kobolds
  A quokka (D:3)
  5 giant newts
  7 rats
106 creatures vanquished.

Notes
Turn   | Place    | Note
--------------------------------------------------------------
     0 | D:1      | abixa the Halfling Gladiator began the quest for the Orb.
     0 | D:1      | Reached XP level 1. HP: 14/14 MP: 1/1
   393 | D:1      | Reached XP level 2. HP: 19/19 MP: 2/2
   678 | D:1      | Reached skill level 4 in Long Blades
   678 | D:1      | Reached XP level 3. HP: 24/24 MP: 3/3
  1313 | D:2      | Reached XP level 4. HP: 8/29 MP: 4/4
  1950 | D:2      | Reached skill level 5 in Long Blades
  2021 | D:2      | Found a blossoming altar of Fedhas.
  2246 | D:3      | Noticed abixa's ghost (amateur HaGl)
  2403 | D:3      | Reached XP level 5. HP: 29/34 MP: 5/5
  2577 | D:3      | Reached skill level 1 in Armour
  3219 | D:3      | Reached XP level 6. HP: 35/41 MP: 6/6
  3890 | D:4      | Noticed Blork the orc
  3903 | D:4      | Killed Blork the orc
  4418 | D:4      | Reached XP level 7. HP: 42/46 MP: 7/7
  4491 | D:4      | Noticed Natasha
  4509 | D:4      | Killed Natasha
  4509 | D:4      | Reached skill level 6 in Long Blades
  5113 | D:4      | Noticed Natasha
  5120 | D:4      | Killed Natasha
  5124 | D:4      | Reached XP level 8. HP: 51/54 MP: 8/8
  5228 | D:4      | Noticed Natasha
  5235 | D:4      | Killed Natasha
  5404 | D:5      | Entered Level 5 of the Dungeon
  5818 | D:5      | Reached skill level 1 in Shields
  6202 | D:5      | Reached skill level 5 in Armour
  6295 | D:6      | Reached skill level 7 in Long Blades
  6349 | D:6      | Noticed a seven-headed hydra
  6360 | D:6      | Slain by a seven-headed hydra

Vault maps used:
D:1:      eino_arrival_water_cross, roderic_chinese_pattern_swastika
D:2:      st_stairs_14, fedhas_altar_3
D:3:      first_bread
D:4:      uniq_blork_the_orc, uniq_natasha
D:6:      zin_purify, enter_ossuary_2

Action                   |  1- 3 |  4- 6 |  7- 9 || total
-------------------------+-------+-------+-------++-------
Melee: Long sword        |   106 |    41 |       ||   147
       Short sword       |       |   211 |   238 ||   449
Throw: Stone             |     1 |       |       ||     1
       Tomahawk          |       |       |     6 ||     6
Evoke: Wand              |       |       |     3 ||     3
  Use: Scroll            |       |       |     7 ||     7
 Stab: Sleeping          |       |     5 |     3 ||     8
  Eat: Chunk             |     1 |    10 |     7 ||    18
